 Dungeon Crawl Stone Soup version 0.30-a0-424-g7412bad402 (webtiles) character file.

Game seed: 2474267727202991019

93 vineage the Trooper (level 4, -5/50 HPs)
             Began as an Ogre Fighter on Dec 9, 2022.
             Slain by an orc
             ... wielding a +0 trident
              (6 damage)
             ... on level 3 of the Dungeon.
             The game lasted 00:01:42 (2185 turns).

vineage the Trooper (Ogre Fighter)                  Turns: 2185, Time: 00:01:42

Health: -5/50      AC:  3    Str: 22    XL:     4   Next: 62%
Magic:  4/4        EV:  8    Int:  9    God:
Gold:   120        SH:  7    Dex:  8    Spells: 3/3 levels left

rFire   . . .      SeeInvis .    a - +1 flail
rCold   . . .      Faith    .    c - +0 kite shield
rNeg    . . .      Spirit   .    b - +0 robe
rPois   .          Reflect  .    (helmet restricted)
rElec   .          Harm     .    (no cloak)
rCorr   .          Rampage  .    (gloves unavailable)
Will    .....                    (boots unavailable)
Stlth   +.........               (no amulet)
HPRegen 0.28/turn                (no ring)
MPRegen 0.09/turn                (no ring)

@: mighty
A: large, unfitting armour, tough skin 1
a: no special abilities


You were on level 3 of the Dungeon.
You visited 1 branch of the dungeon, and saw 3 of its levels.

You collected 120 gold pieces.

Inventory:

Hand Weapons
 a - a +1 flail (weapon)
Armour
 b - a +0 robe (worn)
 c - a +0 kite shield (worn)
Jewellery
 e - a +6 ring of intelligence
Wands
 k - a wand of acid (6)
Scrolls
 f - a scroll of amnesia
 g - a scroll of poison
 h - 3 scrolls of identify
 j - a scroll of enchant armour {unknown}
 l - a scroll of teleportation {unknown}
Potions
 d - a potion of might
 m - 2 potions of haste {unknown}


   Skills:
 * Level 5.3 Fighting
 * Level 3.0 Maces & Flails
 + Level 3.2 Dodging
 - Level 3.0 Shields


You had 3 spell levels left.
You didn't know any spells.
Your spell library contained the following spells:

 Spells                   Type           Power      Damage    Failure   Level
 Shock                    Conj/Air       0%         1d3       67%         1
 Swiftness                Air            0%         N/A       96%         3
 Airstrike                Air            0%         2d(0-16)  100%        4
 Animate Dead             Necr           0%         N/A       100%        4
 Fireball                 Conj/Fire      0%         3d3       100%        5
 Freezing Cloud           Conj/Ice/Air   0%         6-21      100%        5
 Iskenderun's Battlesphe  Conj           0%         2d6       100%        5
 Conjure Ball Lightning   Conj/Air       0%         3x3d7     100%        6
 Simulacrum               Ice/Necr       0%         N/A       100%        6
 Haunt                    Necr/Summ      0%         N/A       100%        7
 Orb of Destruction       Conj           0%         9d5       100%        7
 Infestation              Necr           0%         N/A       100%        8
 Polar Vortex             Ice            0%         N/A       100%        9


Dungeon Overview and Level Annotations

Branches:
Dungeon (3/15)

Altars:

Shops:
D:1 (


Innate Abilities, Weirdness & Mutations

You are too large for most types of armour.
You have tough skin. (AC +1)


Message History

You are too injured to fight recklessly!
You are too injured to fight recklessly!
You are too injured to fight recklessly!
You are too injured to fight recklessly!
You are too injured to fight recklessly!
You are too injured to fight recklessly!
You are too injured to fight recklessly!
You are too injured to fight recklessly!
You are too injured to fight recklessly!
You are too injured to fight recklessly!
You are too injured to fight recklessly!
You are too injured to fight recklessly!
You are too injured to fight recklessly!
You are too injured to fight recklessly!
You are too injured to fight recklessly!
You are too injured to fight recklessly!
You are too injured to fight recklessly!
You barely miss the orc.
The orc is severely wounded.
The orc closely misses you.
The orc hits you from afar with a +0 trident.
* * * LOW HITPOINT WARNING * * *
You hit the orc.
You kill the orc!
The orc hits you from afar with a +0 trident.
* * * LOW HITPOINT WARNING * * *
You block the orc's attack. The orc hits you with a +0 trident.
* * * LOW HITPOINT WARNING * * *
Things that are here:
a +0 club; a +0 dagger; an orc corpse You closely miss the orc.
You block the orc's attack.
Unknown command.
You hit the orc but do no damage. The orc closely misses you.
You barely miss the orc. The orc barely misses you. The orc closely misses you.
You barely miss the orc. The orc hits you with a +0 trident!
* * * LOW HITPOINT WARNING * * *
You feel very mighty all of a sudden. The orc hits you with a +0 trident.
You die...

#............ #.# #.
#.......#### #.# #.
#.......# #.# #.
#.......# #.###.
#.......# #.#...
#.......# #...##
#.......# #.#.#
###.##.#######.#
#.#.##
###....o@†.....#
#.#...
#####.......#####..#
#.###. ......)..#..#
# #.###.
###.#[#.)#.....
...... #
#.#..#.##### ..####
.....#.# ......#..
.......### l.......#


You could see an orc.

Vanquished Creatures
  An orc wizard (D:3)
  3 worms (D:2)
  3 dart slugs (D:1)
  3 orcs (D:3)
  9 endoplasms
  3 goblins
  5 hobgoblins
  2 jackals (D:2)
  3 quokkas
  3 ball pythons
  2 bats (D:1)
  A frilled lizard (D:3)
  4 kobolds
  4 rats
46 creatures vanquished.

Notes
Turn   | Place    | Note
-------+----------+-------------------------------------------
     0 | D:1      | vineage the Ogre Fighter began the quest for the Orb.
     0 | D:1      | Reached XP level 1. HP: 24/24 MP: 1/1
   201 | D:1      | Reached XP level 2. HP: 18/32 MP: 2/2
   815 | D:1      | Reached XP level 3. HP: 40/40 MP: 3/3
   841 | D:1      | Found Reett's Weapon Shop.
  1384 | D:2      | Reached skill level 5 in Fighting
  2016 | D:3      | Reached XP level 4. HP: 50/50 MP: 4/4
  2184 | D:3      | HP: 1/50 [orc/+0 trident (7)]
  2185 | D:3      | Slain by an orc

Illustrated notes

Levels and vault maps discovered:
D:1:      mrwooster_arrival_arrow, layout_basic, serial_shops,
          nicolae_shop_bloodbath_and_beyond, serial_corexii_hall,
          chequers_hall_statues_y, chequers_hall_statues_wall_a,
          corexii_hall_statues_x, chequers_hall_statues_wall_a,
          minmay_heptomino_l4
D:2:      layout_basic
D:3:      layout_loops_ring, cheibrodos_sewer_entry_sluice, nrook_campfire

Skill      XL: |  1  2  3  4 |
---------------+-------------+-----
Maces & Flails | 2 3 |  3.0
Dodging        | 3 |  3.2
Fighting       | 5 |  5.3
Shields        | |  3.0

Action                   |  1- 3 |  4- 6 || total
-------------------------+-------+-------++-------
Melee: Flail             |   105 |    20 ||   125
  Use: Scroll            |     4 |       ||     4
       Potion            |       |     2 ||     2
Armor: Robe              |    17 |     4 ||    21
Dodge: Dodged            |    39 |    12 ||    51
Block: Kite shield       |    29 |    11 ||    40

Table legend: (Time is in decaauts)
 A = Elapsed time spent in this place.
 B = Non-inter-level travel time spent in this place.
 C = Inter-level travel time spent in this place.
 D = Time resting spent in this place.
 E = Time spent auto-exploring this place.
 F = Levels seen in this place.
 G = Mean time per level.
                   A        B        C        D        E       F      G
               +--------+--------+--------+--------+--------+-----+--------+
         Total |   2236 |   2184 |     52 |    300 |   1544 |   3 |  745.3 |
       Dungeon |   2236 |   2184 |     52 |    300 |   1544 |   3 |  745.3 |
               +--------+--------+--------+--------+--------+-----+--------+

Top non-repeatable levels by time:
     D:2: 1040 daAuts
     D:1: 956 daAuts
     D:3: 239 daAuts
